Get step-by-step instructions on how to execute this build order below. Start the game timer, and the build order will tick by so you can play in parallel with StarCraft on a second screen or mobile device.

Game Time

  0:00

Last Step

  N/A

Next Step

  12  0:01  SCV  

Upcoming Step

  13  0:13  SCV  

Don't want to look back and forth between 2 screens? Try out our Overwolf App, the Spawning Tool Build Advisor to get an in-game overlay with this build!

Complete Build Order

  12  0:01  SCV  
  13  0:13  SCV  
  14  0:18  Supply Depot  
  14  0:25  SCV  
  15  0:40  SCV  
  15  0:42  Barracks  
  16  0:49  Refinery  
  16  0:52  SCV  
  17  1:04  SCV  
  18  1:18  Supply Depot  
  18  1:30  Marine, Orbital Command  
  19  1:34  Barracks  
  19  1:42  Refinery  
  19  1:49  Barracks Tech Lab  
  19  2:04  Factory  
  19  2:07  Marine  
  20  2:25  Marine  
  20  2:27  Supply Depot  
  20  2:28  Marine  
  22  2:43  Marine  
  23  2:47  Marine  
  23  2:48  SCV  
  25  2:57  Hellion  
  27  3:00  SCV, Engineering Bay  
  28  3:06  Marine  
  28  3:09  Supply Depot  
  30  3:12  SCV  
  30  3:18  Hellion  
  32  3:25  SCV  
  33  3:37  SCV  
  33  3:40  Hellion  
  36  3:49  SCV  
  37  5:23  Barracks Tech Lab, Marauder  
  37  5:24  SCV  
  37  5:28  Factory, Factory Tech Lab  
  40  5:32  Supply Depot  
  40  5:34  Missile Turret  
  40  5:36  Missile Turret  
  40  5:39  Sensor Tower  
  40  5:43  Armory  
  40  5:45  Marauder  
  40  5:49  Command Center, Starport  
  44  5:50  Marauder  
  44  5:53  SCV  
  44  6:01  Barracks  
  42  6:06  Marine  
  42  6:07  Ghost Academy  
  42  6:10  Supply Depot  
  41  6:11  Marauder, Factory Tech Lab  
  41  6:17  Bunker  
  34  6:23  Marine  
  35  6:28  Starport Tech Lab  
  35  6:32  Marine  
  36  6:41  Marine  
  37  6:47  Raven  
  37  6:48  Barracks Reactor  
  37  6:50  Marine  
  40  6:59  Marine  
  41  7:02  SCV  
  41  7:05  SCV  
  41  7:07  Marine  
  44  7:10  Missile Turret  
  44  7:14  SCV  
  45  7:17  Marine, SCV  
  45  7:21  Missile Turret  
  47  7:25  Ghost  
  47  7:26  SCV  
  47  7:29  SCV  
  50  7:30  Raven  
  52  7:38  SCV  
  49  7:50  SCV  
  41  8:02  SCV  
  41  8:05  Marine  
  42  8:14  SCV  
  42  8:15  Marine  
  44  8:21  Command Center  
  44  8:26  SCV  
  45  8:39  SCV  
  46  8:51  SCV  
  47  9:03  SCV  
  48  9:15  SCV  
  49  9:25  Reaper  
  49  9:26  Medivac  
  49  9:27  SCV  
  53  9:31  Reaper  
  53  9:34  Starport  
  53  9:38  Marine  
  55  9:44  Marine  
  44  9:55  Marine, Raven  
  44  9:57  Marine  
  46  10:04  Marine  
  41  10:10  Medivac  
  43  10:16  Marauder  
  45  10:35  Marauder  
  46  10:40  Marine  
  46  10:41  Starport Tech Lab  
  47  11:04  Marauder  
  49  11:21  Marauder  
  50  11:48  Raven  
  34  12:40  Command Center  
  33  12:49  Marine  
  28  12:59  Marine